 Seeded DCSS version 0.30.1 (webtiles) character file.

Game seed: 6351066067085065685 (custom seed)

612 Esekla the Grave Robber (level 7, -2/36 HPs)
             Began as a Deep Elf Necromancer on July 5, 2023.
             Was a Believer of Vehumet.
             Killed from afar by a white imp (10 damage)
             ... with a puff of frost
             ... on level 5 of the Dungeon on July 6, 2023.
             The game lasted 00:20:10 (3644 turns).

Esekla the Grave Robber (Deep Elf Necromancer)      Turns: 3644, Time: 00:20:10

Health: -2/36      AC:  4    Str:  5    XL:     7   Next: 20%
Magic:  18/18      EV: 14    Int: 22    God:    Vehumet [**....]
Gold:   215        SH:  0    Dex: 18    Spells: 14/18 levels left

rFire   . . .        a - +5 rapier of the Hero {heavy, rN+ Dex+3}
rCold   . . .        (no shield)
rNeg    + . .        u - +0 robe
rPois   .            x - +0 helmet
rElec   .            (no cloak)
rCorr   .            i - +0 pair of gloves
SInv    .            (no boots)
Will    .....        (no amulet)
Stlth   +++          (no ring)
HPRegen 0.26/turn    (no ring)
MPRegen 0.16/turn

%: no passive effects
@: no status effects
A: no striking features
a: Renounce Religion


You were on level 5 of the Dungeon.
You worshipped Vehumet.
Vehumet was pleased with you.
You visited 1 branch of the dungeon, and saw 6 of its levels.

You collected 215 gold pieces.

Inventory:

Hand Weapons
 a - the +5 rapier of the Hero (weapon) {heavy, rN+ Dex+3}
   (You found it on level 3 of the Dungeon)

   Dex:       It affects your dexterity (+3).
   rN:        It protects you from negative energy.
 r - a +0 trident
 A - a +2 vampiric dagger
Missiles
 o - 9 poisoned darts (quivered)
 w - a throwing net
Armour
 i - a +0 pair of gloves (worn)
 u - a +0 robe (worn)
 x - a +0 helmet (worn)
Wands
 m - a wand of roots (9)
 B - a wand of flame (15)
Scrolls
 c - 5 scrolls of identify {unknown}
 e - 3 scrolls of fear {unknown}
 f - a scroll of enchant armour {unknown}
 l - 2 scrolls of fog {unknown}
 n - 2 scrolls of blinking {unknown}
 q - 3 scrolls of enchant weapon {unknown}
 s - 2 scrolls of amnesia {unknown}
 t - a scroll of immolation {unknown}
 y - a scroll of summoning {unknown}
 z - a scroll of silence {unknown}
Potions
 b - a potion of magic
 d - a potion of ambrosia {unknown}
 g - 2 potions of attraction {unknown}
 h - 3 potions of curing {unknown}
 j - a potion of heal wounds {unknown}
 k - 2 potions of brilliance {unknown}
 p - a potion of haste {unknown}
 v - a potion of mutation {unknown}


   Skills:
 + Level 2.7 Short Blades
 + Level 0.6 Throwing
 * Level 4.5 Dodging
 + Level 4.1 Stealth
 * Level 6.0 Spellcasting
 * Level 6.9 Necromancy


You had 14 spell levels left.
You knew the following spells:

 Your Spells              Type           Power      Damage    Failure   Level
a - Necrotise             Necr           100%       1d9       1%          1
d - Vampiric Draining     Necr           37%        2d8       1%          3

Your spell library contained the following spells:

 Spells                   Type           Power      Damage    Failure   Level
 Momentum Strike          Conj/Tloc      12%        3d8       14%         2
 Animate Dead             Necr           37%        N/A       5%          4
 Lesser Beckoning         Tloc           12%        N/A       14%         2
 Agony                    Necr           37%        N/A       14%         5
 Gell's Gravitas          Tloc           6%         N/A       26%         3
 Teleport Other           Tloc           6%         N/A       26%         3


Dungeon Overview and Level Annotations

Branches:
Dungeon (6/15)
 Temple: D:4-7

Altars:
Hepliaklqana
Okawaru
Qazlal
Trog
Vehumet
Zin
The Shining One

Shops:
D:2 =   D:4 (


Message History

You kill the orc!
Vehumet accepts your kill.
You feel your power returning.
Things that are here:
a +0 club; an orc corpse A white imp comes into view.
The white imp closely misses you.
You puncture the white imp!
The white imp is almost dead.
The white imp gestures at you. The puff of frost hits you.
You completely miss the white imp.
The white imp is almost dead.
The white imp barely misses you. The white imp hits you.
The white imp freezes you.
You completely miss the white imp.
The white imp is almost dead.
The white imp summons a swarm of flies.
The white imp closely misses you.
You barely miss the white imp.
The white imp is almost dead.
The white imp hits you. The white imp freezes you.
The white imp closely misses you.
You barely miss the white imp.
The white imp is almost dead.
The white imp hits you. The white imp freezes you.
You closely miss the white imp.
The white imp is almost dead.
The white imp gestures at you. The puff of frost hits you!
* * * LOW HITPOINT WARNING * * *
The white imp hits you but does no damage.
You closely miss the white imp.
The white imp is almost dead.
The white imp misses you. The white imp closely misses you.
You hit the white imp but do no damage.
The white imp is severely wounded.
The white imp gestures at you. The puff of frost hits you!
You die...

#..#.###......#
#...## ##.##.##
#... #....#
####.# ##.####
#.......###..#
...........#.#
#.#####..###.#
#5# #. #.# #@#
#..###.### #.#
#........# #.#
##.###.#.# #.#
.# #.#.# #.#
##.# #...# #.#
##..# #.###
#.####...###.#
#............#
###..#####.#.#


You could see a white imp.

Vanquished Creatures
  An ice beast (D:6)
  A black bear (D:2)
  A gnoll bouda (D:4)
  2 hounds
  A sleepcap (D:5)
  2 iguanas
  12 gnolls
  7 adders
  A worm (D:4)
  3 dart slugs
  8 orcs
  6 ball pythons
  4 bats
  4 endoplasms
  8 goblins
  5 hobgoblins
  A quokka (D:1)
  4 frilled lizards
  5 kobolds
  A rat (D:2)
77 creatures vanquished.

Notes
Turn   | Place    | Note
-------+----------+-------------------------------------------
     0 | D:1      | Esekla the Deep Elf Necromancer began the quest for the
                  | Orb.
     0 | D:1      | Reached XP level 1. HP: 10/10 MP: 6/6
   183 | D:1      | Reached skill level 5 in Necromancy
   199 | D:1      | Reached XP level 2. HP: 9/15 MP: 8/8
   344 | D:4      | Found a radiant altar of Vehumet.
   348 | D:4      | Became a worshipper of Vehumet
   768 | D:1      | Reached XP level 3. HP: 19/19 MP: 9/9
   772 | D:1      | Learned a level 3 spell: Vampiric Draining
   890 | D:2      | Noticed a black bear
  1191 | D:2      | Reached skill level 1 in Short Blades
  1191 | D:2      | Reached XP level 4. HP: 18/24 MP: 1/11
  1194 | D:2      | Found a faded altar of an unknown god.
  1336 | D:2      | Killed a black bear
  1337 | D:2      | Reached XP level 5. HP: 25/28 MP: 5/13
  1466 | D:2      | Found Renulab's Jewellery Shop.
  1619 | D:2      | Reached * piety under Vehumet
  1619 | D:2      | Offered knowledge of Freeze by Vehumet.
  1809 | D:4      | Found Ponaysk's Antique Weapon Boutique.
  2027 | D:3      | Identified the +5 rapier of the Hero {heavy, rN+ Dex+3}
  2416 | D:3      | Found a stormy altar of Qazlal.
  2419 | D:3      | Found a hazy altar of Hepliaklqana.
  2419 | D:3      | Found a bloodstained altar of Trog.
  2622 | D:4      | Found an iron altar of Okawaru.
  2689 | D:4      | Found a glowing silver altar of Zin.
  2722 | D:4      | Reached XP level 6. HP: 31/32 MP: 9/15
  2910 | D:4      | Reached skill level 5 in Spellcasting
  3149 | D:4      | Offered knowledge of Momentum Strike by Vehumet.
  3325 | D:4      | Found a glowing golden altar of the Shining One.
  3348 | D:5      | Entered Level 5 of the Dungeon
  3403 | D:5      | Reached ** piety under Vehumet
  3406 | D:5      | You fall into a shaft and drop 1 floor!
  3410 | D:6      | Noticed an ice beast
  3426 | D:6      | Killed an ice beast
  3427 | D:6      | Reached XP level 7. HP: 8/36 MP: 12/17
  3644 | D:5      | Killed from afar by a white imp

Illustrated notes

Levels and vault maps discovered:
D:1:      sevenhm_arrival_forest_fort_small_3, layout_rooms,
          chequers_serial_rivers_room_b, minmay_misc_feat_five
D:2:      layout_loops_ring, dreamdust_ecumenical_altar_angels_and_demons,
          serial_shops, shop
D:3:      layout_basic, grunt_temple_overflow_open, minmay_misc_feat_iff
D:4:      layout_basic, nicolae_overflow_quartered_altars, serial_shops,
          nicolae_diamond_shop
D:5:      layout_loops_ring, lemuel_doored_altar, minmay_misc_feat_rows,
          dreamdust_wishing_well
D:6:      layout_loops_cross, fedhas_altar_fruit_tree,
          minmay_temple_entry_glass, uniq_pikel, uniq_blork_the_orc

Skill      XL: |  1  2  3  4  5  6  7 |
---------------+----------------------+-----
Necromancy     | 5 6 |  6.9
Dodging        | 3 4 |  4.5
Short Blades   | 1 2 |  2.7
Stealth        | 3 4 |  4.1
Spellcasting   | 4 5 6 |  6.0
Throwing       | |  0.6

Action                     |  1- 3 |  4- 6 |  7- 9 || total
---------------------------+-------+-------+-------++-------
  Melee: Dagger            |    68 |    32 |       ||   100
         Unarmed           |     9 |       |       ||     9
         Short sword       |     5 |       |       ||     5
         Punch             |     1 |       |       ||     1
         Rapier            |       |    46 |    15 ||    61
  Throw: Dart              |       |     6 |       ||     6
   Cast: Vampiric Draining |     5 |    23 |     1 ||    29
         Necrotise         |       |     1 |       ||     1
   Stab: Sleeping          |     2 |     7 |     2 ||    11
 Armour: Robe              |    22 |    11 |     1 ||    34
  Dodge: Dodged            |    60 |    71 |    12 ||   143
